Map: Frozen Temple

Players

MindtheGap

  • Race: Zerg Zerg
  • League: Gold

capac - Winner!

  • Race: Terran Terran
  • League: Gold

VOD

Have the link to the VOD?

Description

Time

  • Played on: April 10, 2016, 2:19 p.m.
  • Length: 15:42
Show
View Real Time Build Order
Export as new Build Order

MindtheGap Zerg 

Build Orders: Hatch First 

Get SALT Encoding   

  12  0:01  Drone  
  13  0:12  Overlord  
  13  0:18  Drone  
  14  0:31  Drone  
  14  0:32  Drone  
  14  0:34  Drone  
  17  0:56  Hatchery  
  16  0:59  Drone  
  16  1:02  Extractor  
  16  1:12  Spawning Pool  
  16  1:16  Drone  
  16  1:20  Drone  
  17  1:26  Drone  
  17  1:29  Drone  
  19  1:38  Overlord  
  19  1:51  Drone  
  20  1:59  Queen  
  22  2:02  Metabolic Boost  
  22  2:04  Zergling x2  
  23  2:12  Queen  
  25  2:16  Zergling x2  
  25  2:20  Zergling x2  
  28  2:22  Zergling x2  
  28  2:25  Zergling x2  
  29  2:32  Zergling x2  
  29  2:35  Drone  
  31  2:45  Drone x2  
  33  2:51  Drone  
  33  2:57  Drone  
  35  3:01  Drone  
  35  3:04  Overlord  
  36  3:11  Overlord  
  36  3:12  Overlord x2  
  36  3:21  Overlord  
  36  3:23  Drone x2  
  36  3:26  Drone  
  39  3:27  Drone  
  39  3:31  Drone  
  41  4:01  Drone x4  
  41  4:02  Drone  
  46  4:08  Overlord x2  
  46  4:10  Drone  
  46  4:11  Extractor  
  46  4:16  Hatchery, Roach Warren  
  44  4:23  Drone x5  
  49  4:32  Drone  
  49  4:33  Drone x3  
  49  4:36  Drone  
  54  4:40  Drone x3  
  57  4:46  Drone  
  57  4:50  Baneling Nest  
  57  4:51  Drone  
  58  4:55  Extractor  
  58  4:56  Extractor  
  58  4:58  Roach x2  
  60  5:02  Roach  
  60  5:03  Roach x2  
  66  5:25  Ravager x5  
  66  5:26  Overlord x2  
  71  5:29  Queen  
  71  5:31  Drone x8  
  81  5:41  Drone x3  
  84  5:47  Spine Crawler, Roach x2, Spore Crawler  
  84  5:48  Spine Crawler  
  85  5:55  Zergling x4  
  85  5:56  Baneling x2  
  85  5:57  Baneling x3  
  87  6:00  Pneumatized Carapace  
  87  6:02  Drone x3  
  90  6:11  Roach x3  
  96  6:13  Roach  
  98  6:19  Roach  
  100  6:26  Roach x3  
  100  6:27  Overlord  
  100  6:28  Overlord x3  
  106  6:41  Overlord x2  
  106  6:42  Overlord  
  106  6:45  Overlord  
  106  6:46  Overlord  
  106  6:48  Lair  
  106  6:50  Zergling x4  
  106  6:51  Zergling x4  
  110  7:01  Roach x6  
  118  7:05  Roach x2  
  126  7:09  Drone  
  126  7:10  Drone  
  126  7:12  Extractor, Drone  
  126  7:13  Extractor  
  102  7:38  Drone x7  
  109  7:50  Zergling x12  
  109  7:51  Zergling x4  
  113  7:58  Queen  
  113  8:04  Drone x3  
  117  8:08  Queen  
  117  8:09  Spore Crawler  
  118  8:13  Baneling x7  
  118  8:16  Overseer  
  118  8:22  Drone x4  
  118  8:23  Drone x3  
  125  8:34  Zergling x6  
  127  8:39  Evolution Chamber x2  
  126  8:46  Overseer  
  126  8:48  Glial Reconstitution  
  126  8:53  Drone x3  
  126  8:54  Drone  
  130  9:05  Zergling x6, Roach, Drone  
  130  9:06  Zergling x2  
  130  9:07  Hatchery  
  130  9:09  Zerg Melee Weapons Level 1  
  136  9:10  Zerg Ground Armor Level 1  
  136  9:15  Drone  
  136  9:16  Infestation Pit, Drone x3  
  139  9:30  Centrifical Hooks  
  139  9:44  Overlord x2  
  139  9:52  Overlord x3  
  139  10:05  Drone x3  
  139  10:06  Drone x5  
  147  10:14  Spire  
  147  10:15  Hive  
  147  10:17  Drone  
  147  10:18  Drone x4  
  147  10:20  Ravager  
  147  10:21  Ravager x5  
  155  10:27  Drone  
  155  10:28  Drone x2  
  160  10:29  Extractor  
  160  10:30  Extractor  
  112  11:08  Zergling x2  
  112  11:09  Zergling x32  
  117  11:20  Zergling x8  
  117  11:21  Zergling x4  
  117  11:24  Infestor x3  
  129  11:28  Baneling  
  129  11:29  Baneling x11  
  114  11:34  Zergling x6  
  114  11:35  Zergling x2  
  107  11:43  Zergling x4  
  95  11:54  Zergling x2  
  95  11:55  Zergling x12  
  95  11:57  Zergling x6  
  105  12:03  Spine Crawler  
  105  12:04  Spine Crawler  
  99  12:21  Drone x5  
  104  12:28  Ultralisk Cavern  
  103  12:39  Zergling x2  
  103  12:40  Zergling x12  
  103  12:41  Zergling x2  
  103  12:42  Baneling x6  
  111  12:46  Queen  
  111  12:50  Hatchery, Drone x4  
  111  12:51  Drone x2  
  118  12:56  Overlord x3  
  118  13:05  Baneling x3  
  118  13:06  Baneling x4  
  118  13:11  Greater Spire  
  118  13:12  Zerg Melee Weapons Level 2  
  118  13:13  Zerg Ground Armor Level 2  
  118  13:18  Chitinous Plating  
  118  13:19  Ultralisk x3  
  148  13:20  Ultralisk x3  
  148  13:23  Corruptor x2  
  158  13:34  Spore Crawler  
  158  13:36  Spine Crawler, Spore Crawler  
  158  13:38  Drone x3  
  158  13:39  Spine Crawler  
  157  13:45  Overseer x2  
  157  13:46  Overseer  
  157  13:49  Overlord  
  157  13:50  Overlord  
  157  14:06  Corruptor  
  118  14:25  Corruptor x2  
  118  14:26  Corruptor x4  
  90  14:31  Zergling x2  
  90  14:32  Zergling x4  
  90  14:33  Zergling x2  
  90  14:36  Zergling x4  
  90  14:57  Zergling x2  
  90  14:58  Zergling x10  
  92  15:06  Zergling x14  
  92  15:07  Zergling x2  
  90  15:16  Zergling x8  
  90  15:19  Baneling  
  90  15:20  Baneling x4  
Show
View Real Time Build Order
Export as new Build Order

capac Terran - Winner!

Build Orders: Reaper Expand, MMM Bio 

Get SALT Encoding   

  12  0:01  SCV  
  13  0:13  SCV  
  14  0:19  Supply Depot  
  14  0:25  SCV  
  15  0:40  SCV  
  15  0:42  Barracks  
  16  0:46  Refinery  
  16  0:56  SCV  
  17  1:08  SCV  
  18  1:20  SCV  
  19  1:32  Orbital Command  
  19  1:34  Reaper  
  20  1:42  Command Center  
  20  1:50  Supply Depot  
  20  1:59  SCV  
  21  2:14  SCV  
  22  2:17  Barracks Reactor  
  22  2:26  SCV  
  23  2:31  Factory  
  23  2:40  Refinery  
  23  2:45  Barracks x2  
  23  2:51  SCV  
  23  2:52  Bunker  
  23  2:54  Marine x2  
  23  2:56  Orbital Command  
  26  3:03  SCV  
  27  3:13  Marine x2  
  27  3:16  SCV  
  30  3:23  Starport  
  30  3:28  SCV  
  30  3:29  SCV  
  32  3:38  Barracks Tech Lab  
  32  3:39  Barracks Reactor  
  32  3:48  SCV x2  
  34  3:51  Refinery  
  34  3:54  Marine x2  
  36  4:01  Stimpack  
  35  4:03  Starport Reactor  
  35  4:05  Factory Tech Lab  
  35  4:08  SCV x2  
  37  4:16  Supply Depot  
  37  4:17  Marine x4  
  37  4:18  Marine  
  37  4:20  SCV  
  37  4:21  SCV  
  44  4:32  SCV  
  44  4:33  SCV  
  46  4:44  Siege Tank  
  46  4:45  Refinery, SCV x2, Medivac  
  53  4:56  Supply Depot  
  53  4:57  SCV  
  54  5:18  SCV x2, Medivac  
  54  5:20  Supply Depot  
  58  5:24  Marine x3  
  58  5:25  Marine  
  62  5:40  Supply Depot  
  62  5:41  Siege Tank, SCV x2  
  62  5:42  Engineering Bay  
  67  5:44  Engineering Bay  
  67  5:45  Marine x3  
  67  5:47  Command Center  
  67  5:48  Supply Depot  
  70  6:02  Marine x2  
  72  6:09  Viking x2, Marine  
  72  6:10  Marine x2  
  79  6:16  Supply Depot  
  79  6:17  Siege Tank  
  82  6:20  Marine x2, SCV x2  
  86  6:37  Marine  
  87  6:46  Medivac x2  
  91  6:47  Marine x3  
  91  6:49  Terran Infantry Weapons Level 1  
  91  6:50  Terran Infantry Armor Level 1  
  91  6:52  Supply Depot  
  94  6:58  Marine  
  88  7:41  Marine x3  
  88  7:42  Marine x2  
  87  7:59  Marine  
  87  8:04  Orbital Command  
  88  8:06  Liberator x2  
  88  8:17  Marine x2  
  88  8:18  Marine x2  
  92  8:22  Siege Tank  
  92  8:25  Barracks x2, SCV  
  102  8:33  Marine  
  103  8:35  Marine x2  
  105  8:44  Starport  
  105  8:47  Armory  
  105  8:53  Barracks  
  105  8:56  Marine x5  
  105  8:58  Combat Shields  
  110  9:11  Marine  
  110  9:12  Marine  
  110  9:13  SCV x3  
  110  9:14  Marine x2  
  117  9:23  Supply Depot x2  
  117  9:24  Supply Depot  
  117  9:25  Supply Depot  
  117  9:27  Supply Depot  
  117  9:30  Supply Depot  
  117  9:43  Barracks  
  117  9:44  SCV x3, Medivac x2  
  117  9:45  Marine x2  
  124  9:46  Marine x2  
  124  9:48  Barracks Tech Lab  
  124  9:50  Barracks Reactor x2  
  128  9:57  SCV x2  
  130  10:08  Marine x2  
  130  10:09  Marine x4  
  136  10:17  Concussive Shells  
  136  10:26  Marine x3  
  136  10:27  Marauder x2, Marine  
  144  10:37  Marine x4  
  148  10:44  Marine x2  
  133  11:17  Medivac x3  
  139  11:30  Liberator x2  
  138  11:38  Marine x5  
  138  11:39  Marine x2  
  149  11:40  Marauder x2, Marine  
  149  11:41  Siege Tank  
  136  11:56  Marine x6  
  136  11:57  Marine x2  
  136  11:59  Medivac  
  136  12:01  Marine x2  
  140  12:13  Marine, Siege Tank  
  140  12:14  Marine x4  
  147  12:20  Command Center  
  147  12:22  Barracks Reactor  
  147  12:23  Marauder x2  
  147  12:24  Marine x2  
  147  12:25  SCV  
  147  12:26  SCV x2  
  158  12:30  Medivac  
  158  12:32  Refinery  
  158  12:33  Refinery  
  158  12:35  Supply Depot  
  160  12:38  Supply Depot  
  160  12:40  Supply Depot  
  160  12:45  Starport Reactor, Siege Tank  
  161  12:56  Marine x2  
  161  12:57  Marine x5  
  172  12:58  Marauder x2  
  172  12:59  Marine  
  172  13:03  Medivac  
  172  13:04  Medivac  
  177  13:09  Supply Depot  
  177  13:14  SCV x3  
  177  13:19  Marauder  
  184  13:20  Marauder  
  184  13:43  Marine  
  184  13:44  Marine x6  
  184  13:45  Marauder x2  
  195  14:07  Marauder  
  131  14:37  Marine  
  131  14:38  Marine x6  
  134  14:39  Marine x2  
  135  15:12  Marine  
  135  15:13  Marine x7  
  135  15:14  Marine x2  
Tags
 
Add a new tag
Caveats
  • Supply blocks, unpowered buildings, or Contaminate may cause inaccurate times.
  • Supply counts are checked every 10 seconds.